 Dungeon Crawl Stone Soup version 0.31-a0-986-g5e6e4ef867 (webtiles) character file.

Game seed: 13642310503438469990

2181 strifetoe the Mimic (level 9, -8/68 HPs)
             Began as a Merfolk Shapeshifter on Nov 15, 2023.
             Mangled by a two-headed ogre
             ... wielding a +0 giant spiked club
              (16 damage)
             ... on level 7 of the Dungeon.
             The game lasted 00:10:49 (5869 turns).

strifetoe the Mimic (Merfolk Shapeshifter)          Turns: 5869, Time: 00:10:49

Health: -8/68      AC:  4    Str: 18    XL:     9   Next: 33%
Magic:  9/9        EV:  7    Int:  9    God:
Gold:   380        SH:  0    Dex: 14    Spells: 8/8 levels left

rFire   . . .        h - melded +3 dagger (venom)
rCold   . . .        (shield currently unavailable)
rNeg    . . .        m - +0 plate armour
rPois   .            o - +0 helmet
rElec   .            y - +0 cloak
rCorr   .            (gloves currently unavailable)
SInv    .            x - +0 pair of boots
Will    +....        f - amulet of the acrobat Stlth
                     a - ring of willpower
HPRegen 0.31/turn    (no ring)
MPRegen 0.11/turn

%: acrobat
@: mighty, blade hands
A: (nimble swimmer 2), mertail
a: Begin Untransformation


You were on level 7 of the Dungeon.
You had blades for hands.
You visited 1 branch of the dungeon, and saw 7 of its levels.

You collected 380 gold pieces.

Inventory:

Hand Weapons
 h - a +3 dagger of venom (melded)
 r - a +1 short sword of venom
 u - a +0 dagger of draining
Armour
 m - a +0 plate armour (worn)
 o - a +0 helmet (worn)
 x - a +0 pair of boots (worn)
 y - a +0 cloak (worn)
Jewellery
 a - a ring of willpower (left blade hand)
 f - an amulet of the acrobat (around neck)
 t - an amulet of faith
Talismans
 c - a beast talisman
 d - a flux talisman
 s - a blade talisman (active)
Wands
 n - a wand of flame (4)
Scrolls
 e - 2 scrolls of teleportation {unknown}
 g - a scroll of identify
 i - a scroll of enchant armour {unknown}
 l - a scroll of fear {unknown}
 p - 2 scrolls of fog
 w - a scroll of noise
Potions
 b - a potion of lignification
 j - 4 potions of curing
 q - a potion of heal wounds


   Skills:
 + Level 5.1 Fighting
 - Level 2.3 Short Blades
 - Level 0.5 Armour
 - Level 6.0 Dodging
 + Level 6.3 Unarmed Combat
 + Level 11.1 Shapeshifting


You had 8 spell levels left.
You didn't know any spells.
Your spell library contained the following spells:

 Spells                   Type           Power      Damage    Failure   Level
 Apportation              Tloc           0%         N/A       100%        1
 Jinxbite                 Hex            0%         N/A       100%        2
 Summon Guardian Golem    Hex/Summ       0%         N/A       100%        3
 Alistair's Intoxication  Tmut/Pois      0%         N/A       100%        5
 Orb of Destruction       Conj           0%         9d5       100%        7
 Spellforged Servitor     Conj/Summ      0%         N/A       100%        7


Dungeon Overview and Level Annotations

Branches:
Dungeon (7/15)
 Temple: D:4-7

Altars:
Ashenzari
Hepliaklqana
Makhleb
Sif Muna
The Shining One


Innate Abilities, Weirdness & Mutations

You have blades for hands.
You are incapable of wielding weapons or throwing items.
((You are very nimble when in or above water. (Stealth+, EV+, Speed+++)))
Your lower body shifts to a powerful aquatic tail in water.


Message History

You barely miss the steam dragon.
The steam dragon is moderately wounded.
The steam dragon bites you.
The steam dragon claws you but does no damage.
You closely miss the steam dragon.
The steam dragon is moderately wounded.
The steam dragon bites you. The steam dragon barely misses you.
You slash the steam dragon!
The steam dragon is heavily wounded.
The steam dragon barely misses you.
The steam dragon claws you but does no damage.
You slash the steam dragon!
The steam dragon is almost dead.
The steam dragon bites you. The steam dragon claws you.
You hit the steam dragon.
The steam dragon is almost dead.
The two-headed ogre hits you with a +0 giant spiked club!!
The two-headed ogre hits you with a +0 giant spiked club!
* * * LOW HITPOINT WARNING * * *
The steam dragon closely misses you.
The steam dragon claws you but does no damage.
You hit the steam dragon.
You kill the steam dragon!
Your Fighting skill increases to level 5!
Unknown command.
You slash the two-headed ogre!
The two-headed ogre is moderately wounded.
The two-headed ogre hits you with a +0 giant spiked club!
* * * LOW HITPOINT WARNING * * *
The two-headed ogre barely misses you.
Unknown command.
You slice the two-headed ogre!!
The two-headed ogre is heavily wounded.
You barely miss the two-headed ogre.
The two-headed ogre is heavily wounded.
The two-headed ogre barely misses you. x2
You slice the two-headed ogre!!
The two-headed ogre is almost dead.
The two-headed ogre hits you with a +0 giant spiked club!
You die...

............##~~~~~##
######.....#########
#..........# ...
#..........# ...
#..........# #.#
#######.#### #.# ###z#
#####.####### ..#O#
#.....D.$.... #.#@#
#............ #.#.#
#............ ..
#.#'####............ #.
#.....)............. ###.#
#...................
#.....
#...............####
#.##..###...............#
#
#.........#...............
#
..#.....######...........
#


You could see a two-headed ogre and a wight.

Vanquished Creatures
  Eustachio (D:5)
  A wyvern (D:6)
  A steam dragon (D:7)
  2 water moccasins (D:6)
  A sky beast (D:6)
  2 ice beasts
  2 ogres
  4 centaurs
  3 scorpions
  3 hounds
  3 jellies
  An orc priest (D:4)
  Jessica (D:3)
  3 orc wizards
  2 iguanas (D:5)
  Robin (D:2)
  9 adders
  4 gnolls (D:4)
  A shadow imp (D:5)
  2 ufetubi (D:6)
  A worm (D:3)
  A dart slug (D:1)
  19 orcs
  4 ball pythons
  6 endoplasms
  2 giant cockroaches
  12 goblins
  8 hobgoblins
  5 jackals
  7 kobolds
  6 quokkas
  5 bats
  2 frilled lizards
  3 rats
  A spectral kobold (D:7)
129 creatures vanquished.

Notes
Turn   | Place    | Note
-------+----------+-------------------------------------------
     0 | D:1      | strifetoe the Merfolk Shapeshifter began the quest for the
                  | Orb.
     0 | D:1      | Reached XP level 1. HP: 15/15 MP: 1/1
    92 | D:1      | Reached XP level 2. HP: 12/21 MP: 2/2
   377 | D:1      | Reached skill level 1 in Short Blades
   614 | D:2      | Reached XP level 3. HP: 11/26 MP: 3/3
   778 | D:2      | Noticed Robin
   821 | D:2      | Killed Robin
   822 | D:2      | Reached XP level 4. HP: 12/32 MP: 4/4
  1229 | D:2      | Reached skill level 5 in Shapeshifting
  1668 | D:3      | Noticed Jessica
  1677 | D:3      | Killed Jessica
  1678 | D:3      | Reached XP level 5. HP: 37/37 MP: 5/5
  1682 | D:3      | Found a shimmering blue altar of Sif Muna.
  1872 | D:3      | Found a burning altar of Makhleb.
  1876 | D:3      | Reached skill level 6 in Shapeshifting
  2161 | D:4      | Found a glowing golden altar of the Shining One.
  2248 | D:4      | Noticed an ogre
  2251 | D:4      | Killed an ogre
  2252 | D:4      | Reached skill level 7 in Shapeshifting
  2252 | D:4      | Reached XP level 6. HP: 43/43 MP: 6/6
  2402 | D:4      | Reached skill level 8 in Shapeshifting
  3094 | D:4      | Reached XP level 7. HP: 45/48 MP: 7/7
  3240 | D:5      | Entered Level 5 of the Dungeon
  3268 | D:5      | Noticed Eustachio
  3274 | D:5      | Killed Eustachio
  3275 | D:5      | Reached skill level 9 in Shapeshifting
  3447 | D:5      | Reached skill level 10 in Shapeshifting
  3574 | D:5      | Reached XP level 8. HP: 34/54 MP: 8/8
  3649 | D:5      | Found a broken altar of Ashenzari.
  4081 | D:6      | Noticed a wyvern
  4089 | D:6      | HP: 2/56 [wyvern (10)]
  4243 | D:6      | Killed a wyvern
  4332 | D:6      | Reached skill level 5 in Unarmed Combat
  4410 | D:6      | Reached skill level 5 in Dodging
  4605 | D:6      | Reached XP level 9. HP: 54/65 MP: 9/9
  5628 | D:7      | Reached skill level 11 in Shapeshifting
  5826 | D:7      | Found a hazy altar of Hepliaklqana.
  5843 | D:7      | Noticed a two-headed ogre
  5866 | D:7      | Reached skill level 5 in Fighting
  5869 | D:7      | Mangled by a two-headed ogre

Illustrated notes

Levels and vault maps discovered:
D:1:      dpeg_arrival_boxorama, layout_rooms, chequers_serial_rivers_micro_a,
          st_stairs_13
D:2:      layout_basic, kennysheep_generic_room_2, uniq_robin
D:3:      layout_rooms, tgw_sif, lightli_temple_of_fire, minmay_misc_feat_rows
D:4:      layout_gridville, amcnicky_altar_gilded
D:5:      layout_basic, ashenzari_conservatory_becter, uniq_eustachio
D:6:      layout_basic, dk_rats_in_the_wall
D:7:      kennysheep_kobold_camp, layout_basic,
          nicolae_hepliaklqana_monster_ancestors, temple_green, uniq_jeremiah

Skill      XL: |  1  2  3  4  5  6  7  8  9 |
---------------+----------------------------+-----
Unarmed Combat | 4 5 6 |  6.3
Short Blades   | 2 |  2.3
Shapeshifting  | 5 7 8 10 11 | 11.1
Dodging        | 5 6 |  6.0
Fighting       | 4 5 |  5.1
Armour         | |  0.5

Action                     |  1- 3 |  4- 6 |  7- 9 || total
---------------------------+-------+-------+-------++-------
  Melee: Unarmed           |    22 |       |    88 ||   110
         Dagger            |    69 |   151 |    88 ||   308
         Punch             |     1 |     3 |     3 ||     7
Ability: Begin Untransform |       |     1 |       ||     1
  Evoke: Wand              |       |     7 |    16 ||    23
    Use: Scroll            |       |       |    11 ||    11
         Potion            |       |       |     5 ||     5
   Stab: Sleeping          |     1 |       |       ||     1
 Armour: Animal skin       |    24 |       |       ||    24
         Plate armour      |    39 |    99 |   161 ||   299
         Skin              |       |       |    44 ||    44
  Dodge: Dodged            |    48 |    55 |    72 ||   175
   Form: Beast             |       |     1 |       ||     1
         Flux              |       |       |     1 ||     1
         Blade             |       |       |     1 ||     1

Table legend: (Time is in decaauts)
 A = Elapsed time spent in this place.
 B = Non-inter-level travel time spent in this place.
 C = Inter-level travel time spent in this place.
 D = Time resting spent in this place.
 E = Time spent auto-exploring this place.
 F = Levels seen in this place.
 G = Mean time per level.
                   A        B        C        D        E       F      G
               +--------+--------+--------+--------+--------+-----+--------+
         Total |   5821 |   5590 |    231 |    990 |   3556 |   7 |  831.6 |
       Dungeon |   5821 |   5590 |    231 |    990 |   3556 |   7 |  831.6 |
               +--------+--------+--------+--------+--------+-----+--------+

Top non-repeatable levels by time:
     D:6: 1437 daAuts
     D:4: 1125 daAuts
     D:2: 946 daAuts
     D:5: 766 daAuts
     D:1: 593 daAuts
     D:3: 545 daAuts
     D:7: 407 daAuts
